 Dungeon Crawl Stone Soup version 0.27.1-2-g3b301248ec (webtiles) character file.

Game seed: 18047544564799030309

166 Mesmaeker13 the Caller (level 5, 0/35 HPs)
             Began as a Barachi Summoner on Oct 2, 2021.
             Slain by Blork the orc (5 damage)
             ... on level 4 of the Dungeon.
             The game lasted 00:06:05 (4356 turns).

Mesmaeker13 the Caller (Barachi Summoner)           Turns: 4356, Time: 00:06:06

Health: 0/35       AC:  4    Str: 12    XL:     5   Next: 47%
Magic:  8/10       EV: 13    Int: 18    God:
Gold:   125        SH:  0    Dex: 12    Spells: 1/11 levels left

rFire    . . .     SeeInvis .   g - +0 spear (vamp)
rCold    + . .     Faith    .   (no shield)
rNeg     . . .     Spirit   .   a - +0 robe
rPois    .         Reflect  .   l - +1 helmet
rElec    .         Harm     .   (no cloak)
rCorr    .         Rampage  .   (no gloves)
Will     .....                  (no boots)
Stlth    ++........             (no amulet)
HPRegen  0.11/turn              (no ring)
MPRegen  0.12/turn              (no ring)

@: brilliant, unable to hop, flying, slow
A: amphibious, slowness 1, strong legs 1, +LOS, clever 1, cold resistance 1,
screaming 1, strong 1
a: Hop


You were on level 4 of the Dungeon.
You visited 1 branch of the dungeon, and saw 4 of its levels.

You collected 125 gold pieces.

Inventory:

Hand Weapons
 c - a +1 dagger of draining
 g - a +0 vampiric spear (weapon)
Missiles
 d - 6 javelins
 p - 6 curare-tipped darts
Armour
 a - a +0 robe (worn)
 l - a +1 helmet (worn)
Scrolls
 f - a scroll of identify {unknown}
 h - a scroll of amnesia {unknown}
 i - a scroll of teleportation {unknown}
 k - a scroll of fear {unknown}
 o - 3 scrolls of blinking {unknown}
Potions
 j - a potion of might {unknown}
 m - a potion of flight
 n - a potion of lignification {unknown}


   Skills:
 + Level 3.8 Dodging
 - Level 1.7 Stealth
 + Level 3.5 Spellcasting
 + Level 6.0 Summonings
 + Level 0.6 Air Magic


You had one spell level left.
You knew the following spells:

 Your Spells              Type           Power      Damage    Failure   Level
a - Summon Small Mammal   Summ           100%       N/A       1%          1
b - Call Imp              Summ           37%        N/A       1%          2
c - Call Canine Familiar  Summ           37%        N/A       3%          3
d - Summon Lightning Spi  Summ/Air       22%        N/A       36%         4

Your spell library contained the following spells:

 Spells                   Type           Power      Damage    Failure   Level
 Freeze                   Ice            16%        1d4       16%         1
 Summon Guardian Golem    Hex/Summ       21%        N/A       14%         3
 Ensorcelled Hibernation  Hex/Ice        8%         N/A       24%         2
 Frozen Ramparts          Ice            8%         1d2       43%         3
 Spider Form              Tmut/Pois      2%         N/A       43%         3
 Hailstorm                Conj/Ice       4%         3d4       83%         4
 Shadow Creatures         Summ           N/A        N/A       89%         6


Dungeon Overview and Level Annotations

Branches:
Dungeon (4/15)
 Temple: D:4-7

Altars:

Shops:
D:3 (

Annotations:
D:3 2 exclusions, Terence
D:4 Blork the orc


Innate Abilities, Weirdness & Mutations

You are amphibious.
You cover ground slowly.
You can hop short distances.
You have an extended range of vision and can be seen from far away.
Your mind is acute. (Int +2)
Your flesh is cold resistant. (rC+)
You occasionally shout uncontrollably at your foes.
Your muscles are strong. (Str +2)


Message History

Your hound barely misses the adder skeleton.
Your hound closely misses the adder skeleton.
The kobold throws a poisoned dart.
The poisoned dart hits your crimson imp!
Your crimson imp is poisoned.
The adder skeleton closely misses your crimson imp.
Your crimson imp closely misses the adder skeleton.
Your hound bites the adder skeleton.
The adder skeleton is destroyed!
A worm comes into view.
Your hound disappears in a puff of smoke!
Your crimson imp blinks!
Blork the orc comes into view.
He is wielding a +0 dire flail.
Blork the orc screams, "I'm going to kill you!"
Blork the orc begins to cast a cantrip, but forgets the words!
Your crimson imp blinks!
Unknown command.
Hop to where?
Press: ? - help, Dir - move target Boing!
Blork the orc gestures at you while chanting.
The magic dart hits you!
Blork the orc screams, "I'm much stronger than you!"
Blork the orc points at you and mumbles some strange words.
The magic dart hits you!
* * * LOW HITPOINT WARNING * * *
Okay, then.
Okay, then.
It was a potion of flight.
You feel very buoyant.
You fly up into the air.
Okay, then.
It was a potion of brilliance.
You feel clever all of a sudden.
Blork the orc is no longer moving quickly.
It was a potion of mutation.
You feel extremely strange.
You feel clever.
You feel the urge to shout.
You feel resistant to cold.
You feel stronger.
Blork the orc hits you with a +0 dire flail.
You die...

.<.# ##.#K##.# ####
#.......# ##
#.##.##.# .#
#.##o##.# .#
#.##.##.# .#
#.##.##.# .#
#.......# .#
##########.####
.########.......@o.#
.......#.#.#########
..####..###.##
.....#.## ##.#
#.##....###.##
#.####.#.#.##
#<####.##.##
#......#### ########


You could see Blork the orc.

Vanquished Creatures
  A howler monkey (D:4)
  Natasha (D:3)
  A gnoll (D:2)
  2 orcs (D:3)
  8 bats
  3 endoplasms
  2 giant cockroaches (D:1)
  4 goblins
  4 hobgoblins
  A quokka (D:2)
  A frilled lizard (D:2)
  A rat (D:3)
29 creatures vanquished.

Vanquished Creatures (collateral kills)
  Natasha (D:3)
  5 gnolls (D:2)
  3 adders
  An adder skeleton (D:4)
  2 worms (D:2)
  2 orcs (D:3)
  A bat (D:2)
  2 endoplasms (D:2)
  2 giant cockroaches (D:1)
  3 goblins
  A hobgoblin (D:1)
  3 kobolds
  2 ball pythons (D:2)
  3 rats
31 creatures vanquished.

Vanquished Creatures (others)
  A plant (D:1)
1 creature vanquished.

Grand Total: 61 creatures vanquished

Notes
Turn   | Place    | Note
-------+----------+-------------------------------------------
     0 | D:1      | Mesmaeker13 the Barachi Summoner began the quest for the
                  | Orb.
     0 | D:1      | Reached XP level 1. HP: 13/13 MP: 3/3
   363 | D:1      | Found a faded altar of an unknown god.
   581 | D:1      | Reached skill level 5 in Summonings
   581 | D:1      | Reached XP level 2. HP: 19/19 MP: 5/5
  1399 | D:2      | Learned a level 2 spell: Call Imp
  1573 | D:2      | Reached XP level 3. HP: 24/24 MP: 5/7
  2564 | D:2      | Reached XP level 4. HP: 30/30 MP: 5/8
  3102 | D:3      | Learned a level 3 spell: Call Canine Familiar
  3367 | D:3      | Found Ostruestre's Weapon Boutique.
  3600 | D:3      | Noticed Natasha
  3613 | D:3      | Killed Natasha
  3774 | D:3      | Noticed Terence
  3774 | D:3      | Noticed an ice beast
  3897 | D:3      | Noticed Natasha
  3914 | D:3      | Killed Natasha
  3915 | D:3      | Reached XP level 5. HP: 35/35 MP: 5/10
  4267 | D:4      | Learned a level 4 spell: Summon Lightning Spire
  4327 | D:4      | Reached skill level 6 in Summonings
  4340 | D:4      | Noticed Blork the orc
  4356 | D:4      | Gained mutation: Your mind is acute. (Int +2) [potion of
                  | mutation]
  4356 | D:4      | Gained mutation: You occasionally shout uncontrollably at
                  | your foes. [potion of mutation]
  4356 | D:4      | Gained mutation: Your flesh is cold resistant. (rC+)
                  | [potion of mutation]
  4356 | D:4      | Gained mutation: Your muscles are strong. (Str +2) [potion
                  | of mutation]
  4356 | D:4      | Slain by Blork the orc

Illustrated notes

Levels and vault maps discovered:
D:1:      psy_arrival_terrarium, layout_basic,
          ebering_ecumenical_altar_sacrificial, serial_bayou_crossing
D:2:      layout_basic, columned_hall_lemuel
D:3:      layout_loops_cross, serial_shops, shop_fountains, uniq_terence,
          uniq_natasha
D:4:      layout_loops_cross, lemuel_doored_altar, uniq_blork_the_orc

Skill      XL: |  1  2  3  4  5 |
---------------+----------------+-----
Summonings     | 5 6 |  6.0
Dodging        | 3 |  3.8
Spellcasting   | 3 |  3.5
Stealth        | |  1.7
Air Magic      | |  0.6

Action                   |  1- 3 |  4- 6 || total
-------------------------+-------+-------++-------
Melee: Unarmed           |    19 |       ||    19
       Dagger            |    47 |     1 ||    48
       Spear             |       |    76 ||    76
 Cast: Summon Small Mamm |    21 |     1 ||    22
       Call Imp          |    15 |    28 ||    43
       Call Canine Famil |       |     1 ||     1
 Abil: Hop               |     1 |     1 ||     2
  Use: Potion            |       |     3 ||     3
 Stab: Sleeping          |     1 |     1 ||     2
Armor: Robe              |    26 |    10 ||    36
Dodge: Dodged            |    73 |    39 ||   112
